 Dungeon Crawl Stone Soup version 0.30.0-3-ga4e48a9924 (webtiles) character file.

Game seed: 5392767876630987269

19404 meatpath the Cleaver (level 12, -17/118 HPs)
             Began as a Minotaur Berserker on May 7, 2023.
             Was an Elder of Trog.
             Demolished by a wolf spider simulacrum (29 damage)
             ... on level 12 of the Dungeon.
             The game lasted 00:36:34 (13840 turns).

meatpath the Cleaver (Minotaur Berserker)          Turns: 13840, Time: 00:36:34

Health: -17/118    AC: 16    Str: 24    XL:     12   Next: 36%
Magic:  11/11      EV:  7    Int:  6    God:    Trog [****..]
Gold:   555        SH: 11    Dex: 11    Spells: 11/11 levels left

rFire   . . .        E - +4 hand axe (heavy)
rCold   . . .        x - +0 kite shield
rNeg    + . .        k - +0 plate armour
rPois   .            (helmet restricted)
rElec   .            z - +0 cloak
rCorr   .            g - +0 pair of gloves
SInv    .            (no boots)
Will    .....        (no amulet) Stlth
                     L - ring of positive energy
HPRegen 0.39/turn    (no ring)
MPRegen 0.12/turn

%: no passive effects
@: no status effects
A: horns 2, retaliatory headbutt
a: Renounce Religion, Berserk, Trog's Hand, Brothers in Arms


You were on level 12 of the Dungeon.
You worshipped Trog.
Trog was greatly pleased with you.
You visited 1 branch of the dungeon, and saw 12 of its levels.
You also visited: Ossuary.

You collected 627 gold pieces.
You spent 72 gold pieces at shops.

Inventory:

Hand Weapons
 a - a +0 hand axe
 r - the +8 falchion of the Living God {drain, Dex+3 Stlth+}
   (You found it on level 3 of the Dungeon)

   Dex:       It affects your dexterity (+3).
   Stlth:     It makes you more stealthy.
 E - a +4 heavy hand axe (weapon)
 F - a +1 scimitar of flaming
 H - a +0 war axe
Missiles
 C - a throwing net (quivered)
Armour
 g - a +0 pair of gloves (worn)
 k - a +0 plate armour (worn)
 x - a +0 kite shield (worn)
 z - a +0 cloak (worn)
Jewellery
 n - a ring of flight
 u - a +6 ring of intelligence
 L - a ring of positive energy (left hand)
 M - a +6 ring of intelligence
Wands
 h - a wand of flame (43)
 m - a wand of mindburst (9)
 s - a wand of iceblast (16)
 J - a wand of paralysis (6)
 N - a wand of polymorph (3)
 O - a wand of acid (7)
Scrolls
 d - 3 scrolls of magic mapping
 e - a scroll of enchant armour
 f - 14 scrolls of teleportation
 j - 2 scrolls of fog
 o - 2 scrolls of vulnerability {unknown}
 t - 2 scrolls of blinking
 y - a scroll of fear
 B - 3 scrolls of enchant weapon
 D - a scroll of brand weapon
 I - a scroll of noise
 K - 2 scrolls of poison {unknown}
Potions
 b - 4 potions of might
 c - 6 potions of curing
 i - 2 potions of invisibility
 l - 2 potions of ambrosia
 p - a potion of haste {unknown}
 q - a potion of attraction {unknown}
 v - 2 potions of brilliance {unknown}
 w - 3 potions of flight {unknown}
 A - 4 potions of mutation {unknown}
 G - 3 potions of heal wounds {unknown}
 P - 2 potions of lignification {unknown}


   Skills:
 + Level 14.5 Fighting
 + Level 14.5 Axes
 + Level 8.2 Armour
 - Level 3.0 Dodging
 - Level 11.7 Shields


You had 11 spell levels left.
You didn't know any spells.
Your spell library was empty.

Dungeon Overview and Level Annotations

Branches:
Dungeon (12/15)            Temple (0/1) D:7            Lair (0/5) D:11
    Orc (0/2) D:10        Ossuary (visited)

Altars:
Dithmenos
Qazlal
Xom

Shops:
D:1 [   D:2 *   D:5 ?   D:10 *


Innate Abilities, Weirdness & Mutations

You have a pair of horns on your head.
You reflexively headbutt those who attack you in melee.


Message History

You recover from your berserk rage.
You open the door.
Found 7 stones.
There is an open door here.
You block something's attack.
Deactivating autopickup; reactivate with Ctrl-A.
Something hits you. You block something's attack.
There is an open door, spattered with blood here.
You completely miss something. Something hits you but does no damage.
You block something's attack.
You slice something!!
Something hits you but does no damage. x2
You slash something! Something hits you but does no damage.
You block something's attack.
You slash something! You headbutt something. Trog accepts your kill.
Reactivating autopickup.
You feel a bit more experienced.
A wolf spider simulacrum comes into view.
There is an open door, spattered with blood here.
There is a stone staircase leading up here.
There is an open door, spattered with blood here.
You block the wolf spider simulacrum's attack. x4
You slash the wolf spider simulacrum!
The wolf spider simulacrum is moderately damaged.
The wolf spider simulacrum barely misses you. x2
You barely miss the wolf spider simulacrum.
The wolf spider simulacrum is moderately damaged.
The wolf spider simulacrum hits you!
The wolf spider simulacrum freezes you!!
The wolf spider simulacrum bites you.
The wolf spider simulacrum freezes you!!
You barely miss the wolf spider simulacrum.
The wolf spider simulacrum is moderately damaged.
The wolf spider simulacrum hits you!
The wolf spider simulacrum freezes you!!
* * * LOW HITPOINT WARNING * * *
The wolf spider simulacrum bites you.
* * * LOW HITPOINT WARNING * * *
The wolf spider simulacrum freezes you!!
You die...

...............
...............
...............
...............
...............
...............
........(......
########Z######.
#......#@#....#
##......#'#....#
.....>...<.....#
...............#
...............#
##...........^.#
#.............+
#.............#
#.............#


You could see a wolf spider simulacrum.

Vanquished Creatures
  Snorg (D:11)
  2 hydras (D:11)
  A death knight (D:12)
  Erica (D:8)
  A boulder beetle (D:11)
  3 two-headed ogres
  Maurice (D:8)
  4 kobold demonologists
  An unseen horror (D:12)
  2 polar bears
  5 trolls
  4 slime creatures (D:12)
  A shadow (D:11)
  A centaur simulacrum (D:12)
  24 yaks
  2 wyverns
  3 water elementals
  2 steam dragons
  A vampire (D:10)
  3 vampire mosquitoes (D:11)
  A water moccasin (D:6)
  4 orc warriors
  A meliai simulacrum (D:12)
  A black bear (D:6)
  2 ice beasts
  A sky beast (D:6)
  2 wolves (D:11)
  4 ogres
  3 centaurs
  4 bullfrogs
  6 kobold brigands
  4 scorpions
  9 gnoll sergeants
  2 electric eels (D:11)
  4 howler monkeys
  A human zombie (Ossuary)
  An orc priest (D:8)
  3 gnoll boudas
  9 hounds
  4 jellies
  A sleepcap (D:5)
  5 iguanas
  10 orc wizards
  4 mummies (Ossuary)
  36 gnolls
  10 adders
  A white imp (D:5)
  4 ufetubi
  2 adder zombies (Ossuary)
  4 worms
  2 dart slugs (D:1)
  28 orcs
  3 endoplasms
  4 giant cockroaches
  A gnoll zombie (Ossuary)
  7 goblins
  9 hobgoblins
  3 jackals (D:2)
  2 quokkas (D:1)
  7 ball pythons
  3 bats (D:1)
  3 frilled lizards
  A hobgoblin zombie (Ossuary)
  A jackal zombie (Ossuary)
  8 kobolds
  2 kobold zombies (Ossuary)
  3 orc zombies (Ossuary)
  4 rats
  A rat zombie (Ossuary)
298 creatures vanquished.

Vanquished Creatures (others)
  A hound (D:11)
1 creature vanquished.

Grand Total: 299 creatures vanquished

Notes
Turn   | Place    | Note
-------+----------+-------------------------------------------
     0 | D:1      | meatpath the Minotaur Berserker began the quest for the
                  | Orb.
     0 | D:1      | Reached XP level 1. HP: 19/19 MP: 0/0
    83 | D:1      | Found Ymeenk's Armour Shop.
    94 | D:1      | Reached XP level 2. HP: 27/27 MP: 1/1
   487 | D:1      | Reached ** piety under Trog
   605 | D:1      | Reached XP level 3. HP: 33/33 MP: 2/2
  1263 | D:2      | Reached XP level 4. HP: 41/41 MP: 3/3
  1325 | D:2      | Found Gyxkock's Assorted Antiques.
  1617 | D:3      | Found a shadowy altar of Dithmenos.
  1719 | D:3      | Identified the +8 falchion of the Living God {drain, Dex+3
                  | Stlth+}
  1844 | D:3      | You fall into a shaft and drop 1 floor!
  1878 | D:3      | Reached XP level 5. HP: 41/47 MP: 4/4
  1879 | D:3      | Reached skill level 5 in Fighting
  1879 | D:3      | Reached skill level 5 in Axes
  2095 | D:4      | Noticed an ogre
  2354 | D:4      | Killed an ogre
  2493 | D:4      | Reached XP level 6. HP: 52/56 MP: 5/5
  2755 | D:4      | Reached *** piety under Trog
  2933 | D:5      | Entered Level 5 of the Dungeon
  3061 | D:5      | Reached skill level 5 in Armour
  3097 | D:5      | Found a sand-covered staircase.
  3106 | Ossuary  | Entered an ossuary
  3131 | Ossuary  | Reached XP level 7. HP: 50/63 MP: 6/6
  3537 | D:5      | Found Yrghuts's Magic Scroll Emporium.
  3541 | D:5      | Bought 3 scrolls of identify for 66 gold pieces
  3582 | D:5      | Reached skill level 1 in Shields
  4702 | D:6      | Reached XP level 8. HP: 34/73 MP: 7/7
  4957 | D:6      | Found a stormy altar of Qazlal.
  5504 | D:6      | Reached **** piety under Trog
  5528 | D:7      | Reached skill level 5 in Shields
  5534 | D:7      | Found a staircase to the Ecumenical Temple.
  5873 | D:7      | Reached XP level 9. HP: 70/83 MP: 8/8
  6662 | D:8      | Noticed Maurice
  6677 | D:8      | Killed Maurice
  6849 | D:8      | Reached skill level 10 in Axes
  6869 | D:8      | Noticed Erica
  6887 | D:8      | Killed Erica
  6888 | D:8      | Reached skill level 10 in Fighting
  7549 | D:9      | Noticed a kobold demonologist
  7549 | D:9      | Noticed a kobold demonologist
  7596 | D:9      | Reached XP level 10. HP: 94/94 MP: 9/9
  7945 | D:9      | Noticed an orange demon
  8731 | D:10     | Entered Level 10 of the Dungeon
  8870 | D:10     | Found Sonkous's CLEARANCE SALE!.
  8880 | D:10     | Bought a scroll of identify for 6 gold pieces
  8913 | D:10     | Noticed a two-headed ogre
  8926 | D:10     | Killed a two-headed ogre
  9229 | D:10     | Found a staircase to the Orcish Mines.
  9372 | D:10     | Found a shimmering altar of Xom.
  9420 | D:10     | Reached skill level 10 in Shields
  9751 | D:9      | Reached XP level 11. HP: 32/104 MP: 10/10
 10843 | D:11     | Noticed a two-headed ogre
 10979 | D:11     | Killed a two-headed ogre
 11150 | D:11     | Noticed a four-headed hydra
 11245 | D:11     | Killed a one-headed hydra
 11440 | D:11     | Found a staircase to the Lair.
 11521 | D:11     | Reached ***** piety under Trog
 11645 | D:11     | Noticed a four-headed hydra
 11654 | D:11     | Killed a one-headed hydra
 11916 | D:11     | Noticed a sun demon
 11939 | D:11     | Received a gift from Trog
 12351 | D:11     | Noticed Snorg
 12362 | D:11     | Killed Snorg
 12788 | D:12     | Noticed a deep elf pyromancer
 12809 | D:12     | Noticed a boulder beetle
 12815 | D:11     | Reached XP level 12. HP: 116/116 MP: 11/11
 13007 | D:12     | Noticed a death knight
 13007 | D:12     | Noticed a two-headed ogre
 13026 | D:11     | Killed a boulder beetle
 13196 | D:12     | Killed a two-headed ogre
 13203 | D:12     | Killed a death knight
 13840 | D:12     | Demolished by a wolf spider simulacrum

Illustrated notes

Levels and vault maps discovered:
D:1:      scummos_arrival_forest, layout_basic, serial_shops, nicolae_shop_stone
D:2:      layout_basic, serial_shops, shop, minmay_strange_pillars
D:3:      layout_rooms, nicolae_dithmenos_shadow_blocks
D:4:      layout_cave_pools
D:5:      layout_layer_cave, serial_shops, shop,
          lightli_ossuary_entry_decrepit_ruins, st_stairs_6,
          kennysheep_generic_room_15
D:6:      layout_rooms, nicolae_qazlal_general_emergency
D:7:      layout_rooms, minmay_temple_entry_grid
D:8:      layout_loops_ring, nrook_pool_corridor, fountainhead,
          grunt_ministairs_13, minmay_holes, uniq_erica, uniq_maurice
D:9:      layout_basic, minmay_misc_feat_pillars
D:10:     layout_cross, tgw_xom, kennysheep_orc_monster_closet_entryway,
          nicolae_shop_clearance
D:11:     layout_loops_corners, erik_lair_island, uniq_snorg
D:12:     hangedman_cross_stitches, layout_irregular_city, serial_ice,
          serial_ice_a, serial_ice_n, serial_ice_j, serial_ice_d, serial_ice_e,
          serial_ice_f

Skill      XL: |  1  2  3  4  5  6  7  8  9 10 11 12 |
---------------+-------------------------------------+-----
Fighting       | 4 5 6 7 9 10 12 13 14 | 14.5
Axes           | 4 5 6 7 9 10 12 13 14 | 14.5
Dodging        | 3 |  3.0
Armour         | 3 4 5 6 8 |  8.2
Shields        | 2 5 8 10 11 | 11.7

Action                     |  1- 3 |  4- 6 |  7- 9 | 10-12 || total
---------------------------+-------+-------+-------+-------++-------
  Melee: Hand axe          |    83 |    24 |    31 |   389 ||   527
         Headbutt          |    13 |    11 |    40 |    83 ||   147
         Falchion          |       |    87 |   202 |       ||   289
         Scimitar          |       |       |       |    13 ||    13
 Invoke: Berserk           |     1 |     2 |     6 |    13 ||    22
    Use: Scroll            |       |     5 |     9 |     4 ||    18
 Armour: Animal skin       |     7 |       |       |       ||     7
         Plate armour      |    10 |    74 |   153 |   206 ||   443
         Leather armour    |     2 |       |       |       ||     2
  Dodge: Dodged            |    46 |    55 |    73 |    92 ||   266
  Block: Buckler           |     5 |    15 |    18 |       ||    38
         Kite shield       |       |       |    87 |   212 ||   299
